[Event "Titled Tuesday Blitz November 29 Early 2022"]
[White "Polanco Nunez, Yoel Estarling"]
[Black "Godzwon, Iwo"]
[WhiteFideId "6401783"]
[BlackFideId "21802483"]
[WhiteElo "2132"]
[BlackElo "2284"]
[Result "1-0"]
[Round "02"]
[TimeControl "180+1"]
[Date "2022.11.30"]
[WhiteClock "0:02:08"]
[BlackClock "0:01:21"]

1. d4 Nf6 2. Nf3 e6 3. g3 b6 4. Bg2 Bb7 5. O-O c5 6. c4 cxd4 7. Nxd4 Bxg2 8. Kxg2 Qc7 9. b3 Nc6 10. Bb2 Nxd4 11. Bxd4 Be7 12. Nc3 O-O 13. Rc1 Qb7+ 14. Kg1 d5 15. Bxf6 Bxf6 16. cxd5 Rfd8 17. e4 Bxc3 18. Rxc3 exd5 19. Rd3 Rd6 20. Rxd5 Rxd5 21. Qxd5 Qxd5 22. exd5 Rd8 23. Rc1 g6 24. Rc7 a5 25. Rb7 Rxd5 26. Rxb6 Rd2 27. a3 Rb2 28. b4 axb4 29. axb4 h5 30. h4 Kg7 31. Kg2 Rb3 32. b5 Kh7 33. Kf1 Rb1+ 34. Ke2 Rb2+ 35. Ke3 Rb3+ 36. Kd4 Rb2 37. Kc3 Rxf2 38. Rd6 Rf3+ 39. Rd3 Rf1 40. Kb4 Rf6 41. Kc5 Rf5+ 42. Kc6 Rf6+ 43. Kc7 g5 44. hxg5 Rf5 45. b6 Rxg5 46. b7 Rb5 47. b8=Q Rxb8 48. Kxb8 Kg6 49. Kc7 Kf5 50. Rd4 Ke5 51. Rf4 1-0


[Site "https://www.chess.com"]

[Event "Titled Tuesday Blitz November 29 Early 2022"]
[White "Poltorak, Sebastian"]
[Black "De Souza, Cristiano Gomes"]
[WhiteFideId "1199498"]
[BlackFideId "2151758"]
[WhiteElo "2196"]
[BlackElo "2068"]
[Result "1-0"]
[Round "02"]
[TimeControl "180+1"]
[Date "2022.11.30"]
[WhiteClock "0:01:05"]
[BlackClock "0:00:55"]

1. e4 c5 2. Nc3 d6 3. d4 cxd4 4. Qxd4 Nc6 5. Qd2 Nf6 6. b3 g6 7. Bb2 Bg7 8. O-O-O Kf8 9. Nf3 Bg4 10. Be2 h5 11. h3 Bxf3 12. gxf3 Bh6 13. f4 e5 14. Qxd6+ Qxd6 15. Rxd6 Bxf4+ 16. Kb1 Kg7 17. Rhd1 Rad8 18. Rxd8 Rxd8 19. Rxd8 Nxd8 20. Nd5 Nxd5 21. exd5 f5 22. c4 Kf6 23. c5 Bh2 24. b4 Bg1 25. f3 g5 26. Kc2 Bd4 27. Bc1 f4 28. Kd3 Kf5 29. a4 Ba1 30. b5 Kf6 31. Ke4 Nf7 32. d6 b6 33. Ba3 bxc5 34. Bxc5 Bd4 35. Kd5 Bxc5 36. Kxc5 Ke6 37. Bc4+ Kf6 38. Bxf7 Kxf7 39. Kc6 e4 40. d7 exf3 41. d8=Q f2 42. Qd5+ Kg6 43. Qf3 Kf5 44. Qxf2 1-0


[Site "https://www.chess.com"]

[Event "Titled Tuesday Blitz November 29 Early 2022"]
[White "Prithu Gupta"]
[Black "Le Ruyet, Leopold"]
[WhiteFideId "46618546"]
[BlackFideId "645923"]
[WhiteElo "2344"]
[BlackElo "2276"]
[Result "1-0"]
[Round "02"]
[TimeControl "180+1"]
[Date "2022.11.30"]
[WhiteClock "0:00:06"]
[BlackClock "0:00:05"]

1. d4 Nf6 2. c4 g6 3. Nc3 d5 4. cxd5 Nxd5 5. e4 Nxc3 6. bxc3 Bg7 7. Be3 c5 8. Qd2 Qa5 9. Rc1 O-O 10. d5 e6 11. c4 Qc7 12. f4 Nd7 13. d6 Qc6 14. e5 f6 15. exf6 Nxf6 16. Nf3 Ne4 17. Qc2 Nxd6 18. Bd3 Nf5 19. Bf2 Nd4 20. Bxd4 cxd4 21. O-O Bd7 22. Ng5 e5 23. f5 Bxf5 24. Rxf5 Rxf5 25. Bxf5 gxf5 26. Qxf5 Qg6 27. Qxg6 hxg6 28. Ne4 Kf7 29. Kf2 Ke6 30. Ke2 b6 31. Rf1 Rf8 32. Rxf8 Bxf8 33. g4 Be7 34. Kd3 Kd7 35. Kc2 Kc6 36. Kd3 b5 37. g5 a6 38. h4 Kd7 39. c5 Ke6 40. c6 Bd8 41. Nc5+ Kd5 42. h5 Kxc5 43. h6 Bxg5 44. c7 Kd5 45. c8=Q e4+ 46. Ke2 d3+ 47. Kd1 Bxh6 48. Qg8+ Kc5 49. Qxg6 Be3 50. Qxe4 Bd4 51. Qxd3 a5 52. Kc2 a4 53. Qf5+ Kc4 54. Qe6+ Kb4 55. Qd6+ Bc5 56. Qf4+ Ka5 57. Qc7+ Kb4 58. a3+ Kc4 59. Qc6 b4 60. Qxa4 1-0


[Site "https://www.chess.com"]

[Event "Titled Tuesday Blitz November 29 Early 2022"]
[White "Przybylski, Wojciech"]
[Black "Fawzy, Adham"]
[WhiteFideId "1117599"]
[BlackFideId "10613129"]
[WhiteElo "2221"]
[BlackElo "2541"]
[Result "1-0"]
[Round "02"]
[TimeControl "180+1"]
[Date "2022.11.30"]
[WhiteClock "0:00:06"]
[BlackClock "0:00:02"]

1. e4 c5 2. Nf3 d6 3. d4 cxd4 4. Nxd4 Nf6 5. Nc3 a6 6. Be3 e5 7. Nb3 Be7 8. f3 Be6 9. Qd2 h5 10. Be2 Nbd7 11. O-O Rc8 12. a4 O-O 13. Rfd1 Qc7 14. Qe1 Nb6 15. Na5 d5 16. exd5 Nbxd5 17. Nxd5 Nxd5 18. Bf2 Qxc2 19. Bd3 Qxb2 20. Nc4 Qc3 21. Nxe5 Qxe1+ 22. Rxe1 Bf6 23. Rab1 Rc7 24. Bg3 Rc3 25. Be4 h4 26. Bxd5 Bxd5 27. Bf2 h3 28. Nd7 Rfc8 29. Rbd1 Bc6 30. Nxf6+ gxf6 31. Rd6 hxg2 32. Rxf6 Rxf3 33. Rh6 Re8 34. Rxe8+ Bxe8 35. Bd4 f6 36. Kxg2 Bc6 37. Kg1 Kg7 38. Rh4 Ra3 39. Rf4 Rxa4 40. Bxf6+ Kg6 41. Rf2 Rg4+ 42. Kf1 Bb5+ 43. Ke1 Re4+ 44. Kd1 Re6 45. Bc3 Rd6+ 46. Kc2 Bd3+ 47. Kb3 Rb6+ 48. Ka3 Be4 49. Rf4 Re6 50. h4 Kh5 51. Kb4 b6 52. Bd4 a5+ 53. Kb5 Bd3+ 54. Ka4 Rd6 55. Bc3 Rd5 56. Kb3 Bb5 57. Kb2 a4 58. Rf6 Rc5 59. Bb4 Rc4 60. Ka3 1-0


[Site "https://www.chess.com"]

[Event "Titled Tuesday Blitz November 29 Early 2022"]
[White "Quinones Garcia, Santiago"]
[Black "Kukula, Pawel"]
[WhiteFideId "4408497"]
[BlackFideId "1115081"]
[WhiteElo "2249"]
[BlackElo "2046"]
[Result "1-0"]
[Round "02"]
[TimeControl "180+1"]
[Date "2022.11.30"]
[WhiteClock "0:01:18"]
[BlackClock "0:00:36"]

1. d4 Nf6 2. Nf3 g6 3. c4 Bg7 4. Nc3 O-O 5. e4 d6 6. Be2 Nc6 7. O-O Bg4 8. Be3 e5 9. d5 Ne7 10. Nd2 Bxe2 11. Qxe2 Nh5 12. b4 f5 13. f3 f4 14. Bf2 g5 15. c5 Nf6 16. Nc4 h5 17. cxd6 cxd6 18. Nb5 Ne8 19. Nxa7 g4 20. fxg4 hxg4 21. Qxg4 Rxa7 22. Bxa7 Qc7 23. Rac1 b5 24. Bb6 Qb7 25. Qe6+ Kh7 26. Bd8 Ng6 27. Rf3 bxc4 28. Rh3+ Bh6 29. Bg5 Qf7 30. Bxh6 Qxe6 31. dxe6 Rh8 1-0


[Site "https://www.chess.com"]

[Event "Titled Tuesday Blitz November 29 Early 2022"]
[White "Ravot, Sylvain"]
[Black "Ovchinnikov, Vsevolod"]
[WhiteFideId "627763"]
[BlackFideId "24176842"]
[WhiteElo "2195"]
[BlackElo "2376"]
[Result "0-1"]
[Round "02"]
[TimeControl "180+1"]
[Date "2022.11.30"]
[WhiteClock "0:00:01"]
[BlackClock "0:00:08"]

1. e4 g6 2. d4 Bg7 3. Nc3 a6 4. a4 d6 5. Nf3 Nd7 6. Be2 c5 7. Be3 cxd4 8. Nxd4 Ngf6 9. O-O b6 10. Nb3 Bb7 11. f3 O-O 12. Qd2 Qc7 13. Rad1 Rac8 14. Bd3 Ne5 15. Qf2 Nfd7 16. h3 Nc5 17. Nd4 Qd7 18. a5 b5 19. f4 Nexd3 20. cxd3 b4 21. Nce2 Qd8 22. f5 Qxa5 23. Qh4 Bf6 24. Bg5 Bxg5 25. Qxg5 f6 26. Qh6 Rf7 27. fxg6 hxg6 28. Qxg6+ Rg7 29. Qf5 Rg5 30. Qf3 Qb6 31. Kh1 Kf7 32. Nf5 Rh8 33. d4 Nxe4 34. Qf4 Rhh5 0-1


[Site "https://www.chess.com"]

[Event "Titled Tuesday Blitz November 29 Early 2022"]
[White "Remizov, Yaroslav"]
[Black "Ozates, Tuna"]
[WhiteFideId "34134015"]
[BlackFideId "6354521"]
[WhiteElo "2414"]
[BlackElo "2151"]
[Result "1-0"]
[Round "02"]
[TimeControl "180+1"]
[Date "2022.11.30"]
[WhiteClock "0:01:20"]
[BlackClock "0:00:23"]

1. d4 Nf6 2. Nf3 d5 3. c4 c6 4. Nc3 e6 5. e3 Nbd7 6. Bd3 dxc4 7. Bxc4 b5 8. Be2 Bd6 9. O-O O-O 10. Qc2 Bb7 11. Rd1 a6 12. e4 Bc7 13. Bg5 h6 14. Bh4 Qb8 15. e5 Nd5 16. Ne4 c5 17. dxc5 Nxe5 18. c6 Nxc6 19. Rac1 Bf4 20. Rb1 Ne5 21. Bg3 Nb4 22. Qc3 Bxe4 23. Bxf4 Nxf3+ 24. Bxf3 Qxf4 25. Qxb4 f5 26. Bxe4 fxe4 27. Qd4 Rad8 28. Qb6 Qe5 29. Rxd8 1-0


[Site "https://www.chess.com"]

[Event "Titled Tuesday Blitz November 29 Early 2022"]
[White "Reprintsev, Alexander"]
[Black "Blokhin, Sofia"]
[WhiteFideId "14100541"]
[BlackFideId "4508190"]
[WhiteElo "2230"]
[BlackElo "2005"]
[Result "1-0"]
[Round "02"]
[TimeControl "180+1"]
[Date "2022.11.30"]
[WhiteClock "0:02:28"]
[BlackClock "0:01:47"]

1. e4 c5 2. b3 e6 3. Qe2 Nc6 4. Bb2 Nd4 5. Qd3 e5 6. Nf3 d6 7. Nxd4 cxd4 8. c3 dxc3 9. Nxc3 Nf6 10. Qb5+ Qd7 11. Rc1 a6 12. Qa4 Be7 13. Bb5 axb5 14. Qxa8 b4 15. Nd5 O-O 16. Nxe7+ Qxe7 17. Rxc8 1-0


[Site "https://www.chess.com"]

[Event "Titled Tuesday Blitz November 29 Early 2022"]
[White "Rian, Kapriaga"]
[Black "Guliev, Logman"]
[WhiteFideId "7103263"]
[BlackFideId "13400061"]
[WhiteElo "1996"]
[BlackElo "2161"]
[Result "1-0"]
[Round "02"]
[TimeControl "180+1"]
[Date "2022.11.30"]
[WhiteClock "0:00:02"]
[BlackClock "0:00:01"]

1. d4 d5 2. Nf3 e6 3. Bf4 Ne7 4. e3 Ng6 5. Bg3 Bd6 6. Nbd2 Qe7 7. Bd3 Nd7 8. O-O e5 9. dxe5 Ndxe5 10. Nxe5 Bxe5 11. c3 O-O 12. Qb3 c6 13. Rae1 Bxg3 14. hxg3 Bg4 15. Bxg6 hxg6 16. e4 dxe4 17. Rxe4 Qd7 18. Rd4 Qc8 19. Re1 Be6 20. Qa4 Qc7 21. Ne4 Qe5 22. Qd1 Qa5 23. a3 Qb6 24. Ng5 Bb3 25. Qg4 Rfe8 26. Rxe8+ Rxe8 27. Qh4 f6 28. Qh7+ Kf8 29. Rd7 Re7 30. Rxe7 Kxe7 31. Qxg7+ Kd6 32. Qxf6+ Kc7 33. Qxg6 Qb5 34. Qg7+ Kb6 35. Qd4+ Ka6 36. Ne4 b6 37. g4 Bd5 38. g5 Qe2 39. Ng3 Qe1+ 40. Kh2 Qe8 41. c4 Bf7 42. Kg1 Qe1+ 43. Nf1 Qe6 44. b4 Qxc4 45. Qxc4+ Bxc4 46. g6 c5 47. Ne3 Bg8 48. bxc5 bxc5 49. f4 c4 50. f5 c3 51. f6 Bc4 52. f7 1-0


[Site "https://www.chess.com"]

[Event "Titled Tuesday Blitz November 29 Early 2022"]
[White "Richter, Paul"]
[Black "Santos Ruiz, Miguel"]
[WhiteFideId "2046350"]
[BlackFideId "22291482"]
[WhiteElo "2548"]
[BlackElo "2503"]
[Result "0-1"]
[Round "02"]
[TimeControl "180+1"]
[Date "2022.11.30"]
[WhiteClock "0:00:02"]
[BlackClock "0:00:45"]

1. e4 c5 2. Nf3 e6 3. d3 Nc6 4. Nbd2 g6 5. g3 Bg7 6. Bg2 Nge7 7. O-O O-O 8. c3 d5 9. a4 b6 10. exd5 exd5 11. Re1 Bf5 12. Nf1 h6 13. h4 Re8 14. Bf4 Qd7 15. Ne5 Nxe5 16. Bxe5 f6 17. Bf4 g5 18. hxg5 hxg5 19. Be3 Rac8 20. d4 c4 21. Nd2 Kf7 22. Qe2 Rh8 23. f3 Bg6 24. g4 Qc7 25. Nf1 Bd3 26. Qf2 Ng6 27. f4 gxf4 28. Bxd5+ Kf8 29. Bd2 Rd8 30. Bf3 Nh4 31. Nh2 Rh6 32. Bh1 Qd7 33. Bxf4 Rh7 34. Re3 Ng6 35. Bg3 Bh6 36. Rf3 Kg8 37. Rxf6 Re8 38. Re1 Rxe1+ 39. Qxe1 Re7 40. Rxg6+ Bxg6 41. Be5 Qxa4 42. Qe2 Qc2 43. Qxc4+ Kh7 44. Bg2 Be3+ 45. Kh1 Be4 0-1


[Site "https://www.chess.com"]

[Event "Titled Tuesday Blitz November 29 Early 2022"]
[White "Rios Escobar, Adan"]
[Black "Ronka, Erik"]
[WhiteFideId "3403645"]
[BlackFideId "505080"]
[WhiteElo "2334"]
[BlackElo "2264"]
[Result "0-1"]
[Round "02"]
[TimeControl "180+1"]
[Date "2022.11.30"]
[WhiteClock "0:00:01"]
[BlackClock "0:00:08"]

1. d4 Nf6 2. g3 c5 3. d5 b5 4. a4 Bb7 5. Bg2 e6 6. e4 a6 7. axb5 axb5 8. Rxa8 Bxa8 9. Ne2 d6 10. dxe6 fxe6 11. Nf4 e5 12. Ne6 Qd7 13. Bh3 Bxe4 14. O-O Qc6 15. Nc3 Bf3 16. Qd3 c4 17. Qf5 Nbd7 18. Nxb5 Qe4 19. Nec7+ Kd8 20. Qe6 Bg4 21. Bxg4 Qxg4 22. Qf7 Qg6 23. Qxc4 Qe4 24. Qe6 Qg4 25. Qf7 Qg6 26. Qa2 Ke7 27. Re1 Qf7 28. Qa8 Qc4 29. Bg5 Kf7 30. Nxd6+ Bxd6 31. Qxh8 Qxc7 32. Bxf6 Nxf6 33. Qa8 Qxc2 34. Ra1 Qxb2 35. Ra7+ Kg6 36. Qf3 Bc5 0-1


[Site "https://www.chess.com"]

[Event "Titled Tuesday Blitz November 29 Early 2022"]
[White "Roque Sola, Gisela"]
[Black "Xie, Bryan"]
[WhiteFideId "5120241"]
[BlackFideId "30941296"]
[WhiteElo "1961"]
[BlackElo "2033"]
[Result "1-0"]
[Round "02"]
[TimeControl "180+1"]
[Date "2022.11.30"]
[WhiteClock "0:00:51"]
[BlackClock "0:01:35"]

1. e4 c5 2. Nf3 e6 3. d4 cxd4 4. Nxd4 Nc6 5. Nc3 Qc7 6. a3 a6 7. Be3 Nf6 8. Be2 Be7 9. O-O O-O 10. f4 d6 11. Kh1 Nxd4 12. Qxd4 b5 13. Rad1 Bb7 14. Bf3 Rac8 15. Rd2 Bc6 16. Qd3 Qb7 17. Bd4 Rfd8 18. Qe3 e5 19. fxe5 dxe5 20. Bxe5 Rxd2 21. Qxd2 Nxe4 22. Nxe4 Bxe4 23. Bxe4 Qxe4 24. Qd7 Rxc2 25. Qe8+ Bf8 26. Qxf7+ Kh8 27. Qxf8# 1-0


[Site "https://www.chess.com"]

[Event "Titled Tuesday Blitz November 29 Early 2022"]
[White "Roque Sola, Jose Luis"]
[Black "Kuznetsov, Mikhail"]
[WhiteFideId "5120390"]
[BlackFideId "4117190"]
[WhiteElo "2117"]
[BlackElo "1981"]
[Result "0-1"]
[Round "02"]
[TimeControl "180+1"]
[Date "2022.11.30"]
[WhiteClock "0:00:04"]
[BlackClock "0:00:05"]

1. c4 Nf6 2. Nc3 d5 3. cxd5 Nxd5 4. g3 g6 5. Bg2 Nb6 6. Nf3 Bg7 7. O-O O-O 8. d3 Nc6 9. Be3 e5 10. Qc1 Nd4 11. Bh6 Nd5 12. Nxd4 Nxc3 13. bxc3 exd4 14. Bxg7 Kxg7 15. cxd4 c6 16. e3 Be6 17. Qb2 Qb6 18. Qc3 Kg8 19. Rfb1 Qa6 20. a4 Rfd8 21. Rb2 Bd5 22. e4 Be6 23. a5 Rd7 24. Rab1 Rad8 25. Bf1 h5 26. h4 Kh7 27. d5 cxd5 28. d4 Qc6 29. Qxc6 bxc6 30. e5 Rc7 31. a6 Bc8 32. Rb8 Rdd7 33. Rc1 Re7 34. Rb2 Bf5 35. Rb3 c5 36. dxc5 Rxe5 37. c6 d4 38. Rb7 Ree7 39. Rd1 Bc8 40. Rxc7 Rxc7 41. Bb5 Re7 42. Rxd4 Kg7 43. Kg2 Kf6 44. Rf4+ Ke6 45. Bc4+ Kd6 46. Rxf7 Bxa6 47. Rxe7 Bxc4 48. Rg7 Bd5+ 49. f3 Kxc6 50. Rxg6+ Kc5 51. Rg5 a5 52. Rxh5 a4 53. Kf2 a3 54. Rh7 Kb6 55. Rh6+ Bc6 0-1


[Site "https://www.chess.com"]

[Event "Titled Tuesday Blitz November 29 Early 2022"]
[White "Rosen, Eric"]
[Black "Mrudul Dehankar"]
[WhiteFideId "2032562"]
[BlackFideId "25096990"]
[WhiteElo "2362"]
[BlackElo "2068"]
[Result "1-0"]
[Round "02"]
[TimeControl "180+1"]
[Date "2022.11.30"]
[WhiteClock "0:00:02"]
[BlackClock "0:00:02"]

1. d4 Nf6 2. Bf4 e6 3. e3 b6 4. Qf3 Nc6 5. Nc3 Bb7 6. O-O-O Bb4 7. Nge2 Qc8 8. e4 d6 9. g4 e5 10. dxe5 dxe5 11. g5 Qg4 12. Qxg4 Nxg4 13. Bg3 Bc5 14. Nd5 O-O 15. f3 Ne3 16. Re1 Nxd5 17. exd5 Nb4 18. Nc3 Nxd5 19. Ne4 Be3+ 20. Kb1 Bf4 21. Bc4 Ne3 22. Bb3 Rad8 23. Re2 Ba6 24. Ree1 Bb7 25. a4 c5 26. Bf2 Nf5 27. h4 Nd4 28. Bxd4 exd4 29. Rhg1 Kh8 30. h5 Ba6 31. Rg4 Be3 32. Rh1 c4 33. Ba2 Bc8 34. Rg2 Be6 35. g6 fxg6 36. hxg6 h6 37. Rg3 Bf4 38. Rgg1 a6 39. Ka1 b5 40. Nc5 Bd5 41. Nxa6 bxa4 42. Rh4 Be3 43. Rgh1 Rxf3 44. Nb4 Be6 45. Re4 Bf5 46. Re7 Bxg6 47. Bxc4 Rdf8 48. Ka2 Bh7 49. Bd3 Bg8+ 50. Ka3 R3f6 51. Rb7 Bf4 52. Rg1 Bd6 53. Rgxg7 Rb8 54. Rgd7 Rxb7 55. Rxb7 h5 56. Rb8 h4 57. Bc4 Rg6 58. Bd3 h3 59. Bxg6 h2 60. Be4 Bxb8 61. Nc6 Bd6+ 62. Kxa4 Kg7 63. Nxd4 Kf6 64. Bg2 Ke5 65. Nc6+ Kf4 66. b4 Kg3 67. Be4 Bc4 68. b5 Kf4 69. Bh1 Bc5 70. Ka5 Ke3 71. b6 Bxb6+ 72. Kxb6 Kd2 73. Be4 h1=Q 74. Bxh1 Kxc2 75. Kc5 Kc3 76. Ne5 Bd3 77. Bf3 Bc2 78. Nc6 Kd2 79. Kd4 Bd3 80. Nb4 Bh7 81. Na6 Bg6 82. Nc5 Bh7 83. Nb3+ Ke1 84. Ke3 Bc2 85. Nd4 Bg6 86. Be2 1-0


[Site "https://www.chess.com"]

[Event "Titled Tuesday Blitz November 29 Early 2022"]
[White "Rosenberg, Evan S"]
[Black "Girel, Joseph"]
[WhiteFideId "2019299"]
[BlackFideId "36033561"]
[WhiteElo "2395"]
[BlackElo "2281"]
[Result "0-1"]
[Round "02"]
[TimeControl "180+1"]
[Date "2022.11.30"]
[WhiteClock "0:00:07"]
[BlackClock "0:01:29"]

1. d4 Nf6 2. Nf3 b6 3. g3 Bb7 4. Bg2 g6 5. O-O Bg7 6. c4 O-O 7. d5 Na6 8. Nc3 Nc5 9. Ne1 e5 10. Nd3 d6 11. Nxc5 bxc5 12. Rb1 Nd7 13. h4 f5 14. h5 e4 15. e3 Ne5 16. hxg6 hxg6 17. Qe2 Qg5 18. Bd2 Kf7 19. Be1 Rh8 20. f4 exf3 21. Bxf3 Rh3 22. Bg2 Rh5 23. e4 Ng4 24. exf5 Bd4+ 25. Bf2 Nxf2 26. Rxf2 gxf5 27. Qe6+ Kg7 28. Qd7+ Kh8 29. Rf1 Qxg3 0-1


[Site "https://www.chess.com"]

[Event "Titled Tuesday Blitz November 29 Early 2022"]
[White "Sadhwani, Raunak"]
[Black "Koellner, Ruben Gideon"]
[WhiteFideId "35093487"]
[BlackFideId "12993093"]
[WhiteElo "2656"]
[BlackElo "2303"]
[Result "1-0"]
[Round "02"]
[TimeControl "180+1"]
[Date "2022.11.30"]
[WhiteClock "0:01:17"]
[BlackClock "0:00:03"]

1. Nf3 d6 2. d4 Nf6 3. Nc3 Nbd7 4. e4 e5 5. Bc4 Be7 6. O-O c6 7. a4 h6 8. Re1 Qc7 9. h3 Nf8 10. Nh4 g6 11. Nf3 g5 12. a5 Ng6 13. d5 g4 14. hxg4 Bxg4 15. Be2 cxd5 16. Nxd5 Nxd5 17. Qxd5 Be6 18. Qd1 Kf8 19. c3 Kg7 20. Be3 Qc6 21. Bd3 Bg4 22. a6 b6 23. Nd4 Bxd1 24. Nxc6 Bg4 25. Bc4 Be6 26. Bxe6 fxe6 27. Red1 Kf7 28. b4 Rhc8 29. b5 Bf8 30. c4 Ne7 31. Rxd6 Nxc6 32. Rxc6 Rxc6 33. bxc6 Rc8 34. Bxb6 Ra8 35. c7 Bd6 36. Rd1 Ke7 37. c5 axb6 38. cxd6+ Kd7 39. Rc1 1-0


[Site "https://www.chess.com"]

[Event "Titled Tuesday Blitz November 29 Early 2022"]
[White "Sadubayev, Airat"]
[Black "Kamsky, Gata"]
[WhiteFideId "13713264"]
[BlackFideId "2000024"]
[WhiteElo "2160"]
[BlackElo "2666"]
[Result "0-1"]
[Round "02"]
[TimeControl "180+1"]
[Date "2022.11.30"]
[WhiteClock "0:00:03"]
[BlackClock "0:00:12"]

1. d4 Nf6 2. c4 e6 3. Nf3 Bb4+ 4. Bd2 a5 5. a3 Bxd2+ 6. Qxd2 O-O 7. e3 d6 8. Nc3 Nc6 9. Bd3 e5 10. O-O Bg4 11. Be2 Re8 12. Rad1 e4 13. Ne1 h5 14. Nc2 Qd7 15. f3 exf3 16. Bxf3 Bxf3 17. Rxf3 Ne4 18. Nxe4 Rxe4 19. Rdf1 Rf8 20. b4 axb4 21. axb4 Qg4 22. Qf2 Qg6 23. b5 Ne7 24. Nb4 h4 25. Kh1 Rg4 26. h3 Rg3 27. Rf4 Qh5 28. Nd3 f5 29. Rf3 Rxf3 30. gxf3 g5 31. Rg1 Kh7 32. Qg2 Rg8 33. Rf1 c6 34. bxc6 bxc6 35. c5 dxc5 36. Nxc5 Nd5 37. Re1 Re8 38. Qf2 Qg6 39. Nd3 f4 40. e4 Ne3 41. Ne5 Qe6 42. Kh2 c5 43. Ng4 cxd4 44. Qd2 Qb6 45. Rc1 Re7 46. Kg1 d3 47. Kh2 Nxg4+ 48. hxg4 Qe3 49. Qd1 Qf2+ 50. Kh1 h3 51. Qf1 Qxf1+ 52. Rxf1 Rc7 53. Rd1 Rc3 54. Kh2 d2 55. Kxh3 Rxf3+ 56. Kh2 Rd3 57. Kg2 Kg6 58. Kf2 f3 59. Kg3 Kf6 60. Kf2 Ke5 61. Ra1 d1=Q 62. Ra5+ Kxe4 0-1


[Site "https://www.chess.com"]

[Event "Titled Tuesday Blitz November 29 Early 2022"]
[White "Sadykov, Ramil"]
[Black "Rustemov, Alexander"]
[WhiteFideId "24113590"]
[BlackFideId "4119002"]
[WhiteElo "2245"]
[BlackElo "2870"]
[Result "0-1"]
[Round "02"]
[TimeControl "180+1"]
[Date "2022.11.30"]
[WhiteClock "0:00:01"]
[BlackClock "0:00:05"]

1. e4 e6 2. d4 d5 3. Nd2 dxe4 4. Nxe4 Bd7 5. Nf3 Bc6 6. Ng3 Nd7 7. Bd3 Ngf6 8. O-O Be7 9. c3 O-O 10. Re1 b6 11. Bc2 Bb7 12. Qd3 c5 13. Bf4 Bxf3 14. Qxf3 cxd4 15. cxd4 Nd5 16. Bd2 N7f6 17. a3 Rc8 18. Qd3 Qc7 19. Rac1 Qd7 20. Qa6 Rc7 21. Ba4 Qc8 22. Bb5 Bd6 23. Rxc7 Qxa6 24. Bxa6 Nxc7 25. Bd3 Ncd5 26. Ne4 Nxe4 27. Bxe4 Nf6 28. Bb7 h6 29. Rc1 Rd8 30. f3 Kf8 31. Rc8 Rxc8 32. Bxc8 Ke7 33. g3 Kd8 34. Ba6 Kc7 35. Bc4 Kc6 36. a4 Nd5 37. Kf2 Nc7 38. Ke3 a6 39. Ke4 h5 40. f4 g6 41. Bb3 Nd5 42. Bc4 b5 43. axb5+ axb5 44. Be2 Nf6+ 45. Kd3 Bc7 46. Bf3+ Nd5 47. Be4 Bb6 48. Bf3 Kd6 49. Be4 Kd7 50. Bf3 Ne7 51. Be4 Nf5 52. d5 Bg1 53. dxe6+ Kxe6 54. Bc6 Bxh2 55. Bxb5 Bxg3 56. Bc4+ Ke7 57. Bb4+ Ke8 58. Bb5+ Kd8 59. Bc4 Ke8 60. Bb5+ Kd8 61. Bc4 f6 62. Ke4 Ne7 63. Be6 h4 64. Kf3 g5 65. f5 Be5 66. b3 Nc6 67. Bc5 Kc7 68. b4 Bd6 69. Be3 Nxb4 0-1


[Site "https://www.chess.com"]

[Event "Titled Tuesday Blitz November 29 Early 2022"]
[White "Sagita, Catur Adi"]
[Black "Keymer, Vincent"]
[WhiteFideId "7104618"]
[BlackFideId "12940690"]
[WhiteElo "2232"]
[BlackElo "2600"]
[Result "1-0"]
[Round "02"]
[TimeControl "180+1"]
[Date "2022.11.30"]
[WhiteClock "0:00:15"]
[BlackClock "0:00:02"]

1. d4 Nf6 2. c4 e6 3. Nf3 d5 4. Nc3 c6 5. e3 Nbd7 6. Qc2 Bd6 7. b3 O-O 8. Bb2 e5 9. cxd5 cxd5 10. dxe5 Nxe5 11. Nxe5 Bxe5 12. Bd3 Be6 13. Ne2 Qa5+ 14. Bc3 Qc7 15. Rc1 Rac8 16. Qb2 Bxc3+ 17. Rxc3 Qe5 18. O-O Ng4 19. g3 Qh5 20. h4 Ne5 21. Nf4 Qg4 22. Be2 Qf5 23. Rxc8 Rxc8 24. Rc1 Rxc1+ 25. Qxc1 h6 26. Qc7 Ng6 27. Bd3 Qe5 28. Nxe6 Qxe6 29. Qb8+ Nf8 30. Qxb7 a5 31. Qb5 g6 32. Qxa5 Nd7 33. Qc3 Ne5 34. Be2 Qf6 35. Qd4 Qd6 36. a4 Nc6 37. Qd2 d4 38. Bf3 Ne5 39. Bg2 d3 40. f4 Nd7 41. Bf1 Nc5 42. b4 Ne4 43. Qxd3 Qxb4 44. Qd4 Qe7 45. Kg2 Nf6 46. Be2 h5 47. a5 Nd7 48. a6 Nc5 49. e4 Kh7 50. f5 Nxe4 51. fxg6+ fxg6 52. a7 Nc5 53. a8=Q Qxe2+ 54. Qf2 Qe7 55. Qaf3 Kg7 56. Qd4+ Kh7 57. Qdf6 1-0


[Site "https://www.chess.com"]

[Event "Titled Tuesday Blitz November 29 Early 2022"]
[White "Salinas Herrera, Pablo"]
[Black "Mohamed Anees M"]
[WhiteFideId "3407128"]
[BlackFideId "35065815"]
[WhiteElo "2557"]
[BlackElo "2135"]
[Result "1-0"]
[Round "02"]
[TimeControl "180+1"]
[Date "2022.11.30"]
[WhiteClock "0:00:14"]
[BlackClock "0:00:03"]

1. e4 c5 2. Nf3 Nc6 3. Bb5 g6 4. Bxc6 dxc6 5. d3 Bg7 6. O-O Nf6 7. h3 Nd7 8. Nc3 e5 9. Nh2 Qe7 10. f4 exf4 11. Bxf4 Nf8 12. Qd2 h6 13. e5 Ne6 14. Bg3 Qg5 15. Qf2 O-O 16. Ne4 Qe7 17. Ng4 Nd4 18. Ngf6+ Kh8 19. Rae1 Be6 20. Kh1 Bd5 21. c3 Nf5 22. Bh2 Qe6 23. Nxc5 Qc8 24. c4 Be6 25. b3 b6 26. Nce4 c5 27. g4 Nd4 28. Nd6 Qc6+ 29. Kg1 Rad8 30. Re4 b5 31. g5 h5 32. Rh4 bxc4 33. dxc4 Nf5 34. Nxf5 Bxf5 35. Nxh5 gxh5 36. Qxf5 Qg6 37. Rhf4 Qxf5 38. Rxf5 Rd2 39. R1f2 Rd1+ 40. Kg2 Kg8 41. h4 Rd3 42. Bg3 Rd4 43. e6 fxe6 44. Rxc5 Rxf2+ 45. Bxf2 Rd2 46. Rc8+ Kf7 47. Rc7+ Kg6 48. Kf3 Be5 49. Re7 Kf5 50. Rf7+ Kg6 51. Rb7 Rxa2 52. Bxa7 Rb2 53. Bf2 Kf5 54. c5 Rc2 55. Rf7+ Kg6 56. Rf8 Rc3+ 57. Ke4 Bg7 58. Rb8 Rc2 59. Be3 Re2 60. Rb6 Kf7 61. b4 Bf8 62. Rb7+ Ke8 63. Kf3 Rb2 64. b5 Rb3 65. Ke4 Kd8 66. c6 Bd6 67. Rd7+ Kc8 68. Rxd6 Rxb5 69. Rxe6 1-0


[Site "https://www.chess.com"]

[Event "Titled Tuesday Blitz November 29 Early 2022"]
[White "Samaganova, Aleksandra"]
[Black "Arabidze, Meri"]
[WhiteFideId "13800221"]
[BlackFideId "13604040"]
[WhiteElo "1864"]
[BlackElo "2403"]
[Result "0-1"]
[Round "02"]
[TimeControl "180+1"]
[Date "2022.11.30"]
[WhiteClock "0:00:03"]
[BlackClock "0:00:39"]

1. c4 e5 2. Nc3 Nc6 3. g3 g6 4. Bg2 Bg7 5. e3 d6 6. Nge2 h5 7. h3 h4 8. g4 f5 9. f3 Nf6 10. d4 Qe7 11. Nd5 Nxd5 12. cxd5 Nd8 13. dxe5 dxe5 14. Qc2 Nf7 15. Bd2 O-O 16. O-O Ng5 17. Rac1 Rf7 18. Qc5 Qxc5 19. Rxc5 Bf8 20. Rc4 Bd6 21. e4 f4 22. Rfc1 b6 23. Bb4 Ba6 24. Bxd6 Bxc4 25. Rxc4 cxd6 26. Rc6 Rd7 27. Nc3 Rad8 28. Kf2 Kf8 29. Bf1 Ke7 30. Kg2 Rb8 31. Ba6 Nf7 32. Nb5 Nd8 33. Rc8 Rxc8 34. Bxc8 a6 35. Bxd7 Kxd7 36. Na3 Nb7 37. Kf2 Nc5 38. Ke2 Na4 39. b3 Nc3+ 40. Kd2 Nxa2 41. Nc4 b5 42. Nb2 Nb4 43. Kc3 a5 44. Nd1 Kc7 45. Nb2 Kb6 46. Nd1 Kc5 47. Nb2 Na2+ 48. Kc2 Kb4 49. Nd3+ Ka3 50. Nxe5 dxe5 51. d6 Nb4+ 52. Kc3 Nc6 53. d7 a4 54. bxa4 Kxa4 55. Kb2 Kb4 0-1


[Site "https://www.chess.com"]